 Dungeon Crawl Stone Soup version 0.16.0-16-g311141a (webtiles) character file.

1722149 Kasaris the Conqueror (level 27, 268/268 (273) HPs)
             Began as a Hill Orc Fighter on Mar 17, 2015.
             Was the Champion of Okawaru.
             Escaped with the Orb
             ... and 3 runes on Mar 19, 2015!
             The game lasted 12:35:17 (70069 turns).

Kasaris the Conqueror (Hill Orc Fighter)           Turns: 70069, Time: 12:35:17

HP:   268/268 (273) AC: 55    Str: 38      XL:     27
MP:   25/25         EV:  9    Int:  5 (6)  God:    Okawaru [******]
Gold: 4591          SH: 30    Dex: 16      Spells: 0 memorised, 26 levels left

rFire  + . .     SeeInvis .     b - +9 eveningstar (holy)
rCold  + + +     Clarity  .     r - +10 crystal plate armour
rNeg   . . .     SustAb   .     c - +1 large shield {rPois}
rPois  +         Gourm    .     X - +1 helmet of Blue Skies {rC+}
rElec  .         Spirit   .     w - +1 cloak {MR+}
rCorr  .         Warding  .     A - +1 pair of gloves of Free Will {MP-9 Str+9}
rMut   +         Stasis   .     j - +2 pair of boots {run}
MR     +++..                    V - amulet of resist mutation
Stlth  ..........               q - ring "Eraug" {rC++ Str+3 Int-2 Slay+2}
                                k - ring of protection from fire

@: quick, extremely resistant to hostile enchantments, extremely unstealthy
A: deterioration 1, placid magic 1
a: Heroism, Finesse, Renounce Religion
0: Orb of Zot
}: 3/15 runes: decaying, silver, gossamer


You escaped.
You worshipped Okawaru.
Okawaru was exalted by your worship.
You were very hungry.

You visited 11 branches of the dungeon, and saw 57 of its levels.
You visited the Abyss 1 time.

You collected 7401 gold pieces.
You spent 2810 gold pieces at shops.

Inventory:

Hand weapons
 a - the +9 demon whip of Trayrio {freeze, Contam Int+4 Dex+4}
   (Okawaru gifted it to you on level 5 of the Lair of Beasts)

   It has been specially enchanted to freeze those struck by it, causing extra
   injury to most foes and up to half again as much damage against particularly
   susceptible opponents.
   It can also slow down cold-blooded creatures.
   It affects your intelligence (+4).
   It affects your dexterity (+4).
   It causes magical contamination when unequipped.
 b - a +9 eveningstar of holy wrath (weapon)
 h - the +7 great mace "Undeadhunter" {disrupt, rN+}
   (You found it on level 5 of the Lair of Beasts)

   It protects you from negative energy.
 Z - the +9 morningstar "Ajoar" {pain, -Cast -Tele MR++ Dex+5}
   (Okawaru gifted it to you on level 5 of the Vaults)

   In the hands of one skilled in necromantic magic, it inflicts extra damage on
   living creatures.
   It affects your dexterity (+5).
   It affects your resistance to hostile enchantments.
   It prevents spellcasting.
   It prevents most forms of teleportation.
Armour
 c - a +1 large shield of poison resistance (worn)
 j - a +2 pair of boots of running (worn)
 r - a +10 crystal plate armour (worn)
 t - the +8 plate armour "Straocou" {rPois rC++ Regen+ Str-5 Int-4}
   (Okawaru gifted it to you on level 5 of the Realm of Zot)

   It affects your strength (-5).
   It affects your intelligence (-4).
   It greatly protects you from cold.
   It protects you from poison.
   It increases your rate of regeneration.
 w - a +1 cloak of magic resistance (worn)
 A - the +1 pair of gloves of Free Will (worn) {MP-9 Str+9}
   (You found it on level 1 of the Vaults)

   It affects your strength (+9).
   It affects your magic capacity (-9).
 E - the +1 pair of gloves "Egyown" {rElec rF- MR+ SInv}
   (You acquired it on level 1 of the Abyss)

   It makes you vulnerable to fire.
   It insulates you from electricity.
   It affects your resistance to hostile enchantments.
   It enhances your eyesight.
 X - the +1 helmet of Blue Skies (worn) {rC+}
   (Okawaru gifted it to you on level 4 of the Vaults)

   It protects you from cold.
Jewellery
 k - a ring of protection from fire (left hand)
 q - the ring "Eraug" (right hand) {rC++ Str+3 Int-2 Slay+2}
   (You found it on level 2 of the Depths)

   [ring of slaying]

   It affects your strength (+3).
   It affects your intelligence (-2).
   It affects your accuracy and damage with ranged weapons and melee attacks
   (+2).
   It greatly protects you from cold.
 H - the ring "Alligh" {EV+3 Str+6 Slay+2}
   (You took it off a deep elf death mage on level 3 of the Elven Halls)

   [ring of evasion]

   It affects your evasion (+3).
   It affects your strength (+6).
   It affects your accuracy and damage with ranged weapons and melee attacks
   (+2).
 J - the amulet "Boahis" {Faith rPois rC+ Slay+4}
   (You took it off a yaktaur captain on level 5 of the Vaults)

   [amulet of faith]

   It allows you to gain divine favour quickly.
   It affects your accuracy and damage with ranged weapons and melee attacks
   (+4).
   It protects you from cold.
   It protects you from poison.
 M - an uncursed ring of protection from fire
 O - an uncursed amulet of clarity
 P - an uncursed ring of teleportation
 Q - an uncursed amulet of resist corrosion
 V - an amulet of resist mutation (around neck)
Magical devices
 m - a wand of lightning (4)
 u - a wand of enslavement (15)
 y - a wand of digging (12)
 C - a wand of fireball (2)
 T - a wand of teleportation (2)
Scrolls
 g - 8 scrolls of magic mapping
 l - 2 scrolls of summoning
 n - 2 scrolls of holy word
 p - 3 scrolls of remove curse
 F - 17 scrolls of teleportation
 L - 7 scrolls of blinking
Potions
 e - 13 potions of might
 f - 2 potions of cancellation
 i - 4 potions of haste
 s - a potion of ambrosia
 x - 3 potions of flight
 G - 2 potions of resistance
 R - a potion of beneficial mutation
 S - a potion of agility
 U - 3 potions of restore abilities
 W - 5 potions of invisibility
 Y - 11 potions of curing
Comestibles
 d - 18 meat rations
 o - 14 beef jerkies
 v - 13 royal jellies
 z - 17 bread rations
 B - 4 slices of pizza


   Skills:
 O Level 27 Fighting
   Level 6.7(20.2) Axes
 + Level 24.4(24.5) Maces & Flails
 O Level 27 Armour
 + Level 26.2 Shields
 - Level 8.4 Invocations


You had 26 spell levels left.
You didn't know any spells.

Dungeon Overview and Level Annotations

Branches:
Dungeon (15/15)            Temple (1/1) D:4            Lair (8/8) D:9
  Swamp (5/5) Lair:4       Spider (5/5) Lair:6        Slime (1/6) Lair:7
    Orc (4/4) D:9             Elf (3/3) Orc:3        Vaults (5/5) D:13
  Crypt (0/3) Vaults:3     Depths (5/5) D:15            Zot (5/5) Depths:5

Altars:
Ashenzari
Cheibriados
Dithmenos
Elyvilon
Fedhas
Gozag
Kikubaaqudgha
Makhleb
Nemelex Xobeh
Okawaru
Sif Muna
Trog
Vehumet
Xom
Yredelemnul
Zin
The Shining One
Beogh

Shops:
D:8 [   Orc:3 (*}   Orc:4 ***[   Vaults:1 (   Vaults:3 %

Portals:
Hell: Depths:1 Depths:2 Depths:3 Depths:4 Depths:5
Abyss: Depths:4
Pandemonium: Depths:1 Depths:5
Ziggurat: Depths:4
Trove: D:11 (give 13 potions of heal wounds)

Annotations:
D:3 Tarquin's ghost, average DrNe


Innate Abilities, Weirdness & Mutations

Your body is slowly deteriorating.
Your spells are a little easier to cast, but a little less powerful.


Message History

You block the ball of steam. The neqoxec gestures at you.
Strange energies course through your body.
You feel odd for a moment.
An orange demon comes into view.
There is an escape hatch in the ceiling here.
A mysterious force pulls you upwards. The hatch slams shut behind you.
You sense a powerful magical force warping space.
You are feeling very hungry.
There is an open door here.
There is an open door here.
There is an open door here.
There is an open door here.
There is an open door here.
There is an open door here.
There is an open door here.
There is an open door here.
There is an open door here.
There is a staircase leading out of the dungeon here.
You have escaped!

#.......##.###.'.........#
#.......##.# #.#########.#
.......†...# #.+ #.#
#.......############## #.#
#......##......'.....# #.#
#......##.##########.# #.#
#......##.# #.# #.#
#......##.# ###### #.# #.#
#......##.# #..'@# #.# #.#
#......##.# #..### #'# #'#
#......##'# #'## #.# #.#
#########.# #.# #.# #.#
#.# #.######.# #.# #.#
#...'....# #.# ###### #.#
########## #.# .....# #.#
#.# ####.#
#.##############.#


There were no monsters in sight!

Vanquished Creatures
  A pandemonium lord (Zot:1)
  8 ancient liches
  4 orbs of fire
  Margery (Vaults:3)
  2 curse toes
  5 Killer Klowns
  6 caustic shrikes
  13 golden dragons
  The ghost of Ladykiller69 the Unseen, a great FoFi of Cheibriados (Depths:2)
  3 bone dragons
  Arachne (Spider:4)
  4 electric golems
  16 tentacled monstrosities
  25 Orb Guardians (Zot:5)
  6 liches
  5 deep elf blademasters
  5 titans
  A quicksilver dragon (Depths:4)
  An acid blob (Lair:7)
  2 deep elf master archers (Elf:3)
  2 tentacled starspawn (Abyss:1)
  A Shadow Fiend (Zot:4)
  4 sphinxes
  11 shadow dragons
  7 tengu reavers
  Frances (Spider:2)
  17 storm dragons
  Roxanne (Swamp:2)
  6 draconian monks
  2 Executioners (Abyss:1)
  A daeva (Abyss:1)
  2 ghost moths
  7 frost giants
  Maud (Lair:8)
  10 deep elf sorcerers
  4 iron dragons
  5 fire giants
  2 orc warlords (Orc:4)
  13 vault wardens
  9 draconian zealots
  Aizul (Spider:1)
  Louise (Swamp:1)
  6 emperor scorpions
  6 draconian scorchers
  2 balrugs (Abyss:1)
  5 draconian knights
  8 draconian annihilators
  5 spriggan defenders
  A stone giant (shapeshifter) (Vaults:5)
  Jorgrun (Vaults:2)
  4 war gargoyles (Vaults:5)
  14 ironheart preservers
  18 stone giants
  8 draconian shifters
  15 very ugly things
  10 grey draconians
  8 draconian callers
  9 deep elf annihilators
  16 green draconians
  A vampire knight (Depths:3)
  7 deep elf demonologists
  13 black draconians
  14 mottled draconians
  2 white draconians (Zot:3)
  Azrael (D:15)
  14 yellow draconians
  12 red draconians
  6 dire elephants
  11 pale draconians
  7 purple draconians
  A black sun (D:7)
  12 ettins
  An unborn (Abyss:1)
  34 vault guards
  A spectral quicksilver dragon (Depths:5)
  Snorg (Lair:7)
  2 green deaths (Swamp:5)
  15 fire dragons
  9 deep elf death magi
  12 death cobs
  5 minotaurs
  9 deep elf high priests
  Josephine (D:14)
  Fannar (Lair:8)
  11 great orbs of eyes
  20 ice dragons
  20 hydras
  27 yaktaur captains
  4 ghost crabs
  12 ogre magi
  3 spriggan air magi
  9 rakshasas
  13 dancing weapons (Elf:2)
  A spectral sphinx (Depths:5)
  4 alligators
  7 catoblepae
  22 death yaks
  9 deep troll shamans
  6 spriggan berserkers
  A vampire mage (Depths:5)
  3 thrashing horrors
  5 tengu warriors
  11 centaur warriors
  11 deep troll earth magi
  2 sun demons (Abyss:1)
  A hell hog (Abyss:1)
  7 orc high priests
  A titan zombie (Depths:5)
  A shock serpent (shapeshifter) (Depths:4)
  A fire crab (Vaults:3)
  Nergalle (D:14)
  A soul eater (Depths:4)
  9 giant orange brains
  4 iron trolls
  16 deep elf knights
  5 spriggans
  3 wretched stars (Abyss:1)
  5 hell knights
  A salamander mystic (Depths:1)
  2 fire crabs (shapeshifter)
  A quicksilver dragon simulacrum (Depths:5)
  2 death drakes
  An anaconda zombie (Abyss:1)
  10 skeletal warriors
  An ice devil (Zot:2)
  A deep troll (shapeshifter) (Abyss:1)
  A golden dragon zombie (Vaults:4)
  A sea snake (Depths:5)
  4 swamp dragons
  3 unseen horrors
  A death drake (shapeshifter) (Depths:5)
  A spriggan druid (Swamp:3)
  A sea snake (shapeshifter) (Vaults:1)
  A torturous demonspawn (Depths:1)
  A spectral minotaur (Swamp:5)
  A shadow demon (Depths:1)
  4 flayed ghosts
  34 deep trolls
  2 shambling mangroves
  13 orc knights
  12 deep elf summoners
  2 spectral hydras (Swamp:5)
  15 ironbrand convokers
  5 necromancers
  2 shadow dragon zombies
  A golden dragon skeleton (Depths:5)
  A putrid demonspawn (Depths:1)
  15 orb spiders
  15 deep elf conjurers
  A sphinx zombie (Vaults:5)
  9 wizards
  A lindwurm (shapeshifter) (Vaults:5)
  36 wolf spiders
  4 harpies (Vaults:1)
  A harpy (shapeshifter) (Depths:2)
  A water nymph (shapeshifter) (Vaults:1)
  4 orc sorcerers
  38 ugly things
  3 salamanders (Depths:1)
  13 hornets
  2 stone giant zombies
  A shadow dragon skeleton (Vaults:5)
  3 sixfirhies
  3 draconian zombies
  A draconian (shapeshifter) (Vaults:2)
  8 hill giants
  An oklob plant (Lair:7)
  A frost giant zombie (Vaults:4)
  3 worldbinders
  2 mana vipers (Depths:5)
  23 moths of wrath
  5 cyclopes
  4 griffons
  25 elephants
  2 hornets (shapeshifter)
  4 phantasmal warriors
  2 stone giant skeletons
  A spriggan zombie (Depths:5)
  4 centaur zombies
  4 manticores
  A toenail golem (Zot:5)
  18 eyes of devastation (Depths:2)
  A guardian serpent (shapeshifter) (Depths:2)
  A dire elephant zombie (Abyss:1)
  An elf zombie (Vaults:5)
  5 torpor snails
  19 small abominations
  A spectral spriggan (Swamp:5)
  A torpor snail (shapeshifter) (Vaults:5)
  A spiny frog (shapeshifter) (Vaults:4)
  19 vault sentinels
  8 black mambas
  A gargoyle (D:15)
  A spectral swamp worm (Swamp:5)
  8 orange demons
  4 kobold demonologists
  2 red draconian zombies
  2 naga magi
  2 yaktaur zombies
  5 smoke demons
  19 spiny frogs
  A yellow draconian zombie (Zot:2)
  13 komodo dragons
  3 efreet
  4 fire drakes
  The ghost of herpmino the Cudgeler, an average OgAM (D:4)
  18 demonic crawlers
  2 elf skeletons (Vaults:5)
  A tormentor (Depths:1)
  A spectral glowing shapeshifter (Depths:5)
  2 freezing wraiths
  A sphinx simulacrum (Vaults:1)
  3 hellwings
  2 tengu conjurers (Depths:1)
  38 yaktaurs
  4 red devils
  29 jumping spiders
  7 giant leeches
  9 large abominations (Abyss:1)
  3 ancient zymes (Abyss:1)
  2 trolls (shapeshifter)
  3 deep elf priests
  Sonja (Orc:2)
  2 baby alligators (Swamp:1)
  3 fire drakes (shapeshifter)
  3 polar bears
  10 blink frogs
  6 raiju (Abyss:1)
  Prince Ribbit (D:8)
  A blue devil (Depths:1)
  21 ravens
  A trapdoor spider zombie (D:14)
  2 ettin zombies
  A polar bear (shapeshifter) (Vaults:1)
  A spectral swamp dragon (Swamp:5)
  9 two-headed ogres
  7 bog bodies
  A shadow dragon simulacrum (Depths:5)
  10 trolls
  A two-headed ogre (shapeshifter) (Depths:1)
  An ice dragon zombie (Abyss:1)
  40 slime creatures
  22 trapdoor spiders
  A fire dragon zombie (Zot:2)
  A spectral giant leech (Swamp:5)
  39 deep elf magi
  A vampire (Depths:3)
  14 boulder beetles
  7 shadows
  9 air elementals
  4 basilisks
  39 redbacks
  5 ynoxinuls (Abyss:1)
  A basilisk (shapeshifter) (D:15)
  3 fire elementals (D:15)
  A hungry ghost (D:8)
  A water elemental (Depths:5)
  A human (shapeshifter) (Depths:2)
  A spriggan simulacrum (Depths:5)
  13 hippogriffs
  28 tarantellas
  Eustachio (D:6)
  29 vampire mosquitoes
  7 wyverns
  47 yaks
  2 yaks (shapeshifter)
  A catoblepas simulacrum (Abyss:1)
  5 fire bats
  4 wraiths
  9 wolves
  33 deep elf fighters
  A human simulacrum (Vaults:5)
  A golden eye (Depths:2)
  19 wargs
  2 mottled dragons
  20 insubstantial wisps
  A spatial vortex (Depths:5)
  7 chaos spawn
  3 neqoxecs (Abyss:1)
  2 spectral spiny frogs (Swamp:5)
  A steam dragon (D:14)
  2 soldier ants (D:13)
  30 swamp worms
  3 hell hounds (D:15)
  13 swamp drakes
  2 phantoms
  14 porcupines
  34 orc warriors
  19 ogres
  30 spiders
  6 necrophages
  24 water moccasins
  An eye of draining (D:13)
  A black bear (D:13)
  A hornet simulacrum (D:12)
  3 sky beasts
  19 centaurs
  11 wasps
  3 ice beasts
  11 boggarts
  Sigmund (D:6)
  Duvessa (D:8)
  3 boring beetles
  4 brain worms (Depths:2)
  Blork the orc (D:8)
  A spectral water moccasin (Swamp:5)
  9 crocodiles
  2 wyvern zombies
  3 big kobolds
  3 wyvern skeletons
  22 giant frogs
  2 earth elementals (Depths:5)
  12 wights
  A spectral big kobold (Swamp:5)
  A water moccasin skeleton (D:8)
  16 killer bees
  6 scorpions
  A spectral giant frog (Swamp:2)
  3 goliath beetles
  51 orc priests
  7 crimson imps
  Dowan (D:8)
  2 giant frog zombies
  4 jellies
  13 starcursed masses (Abyss:1)
  4 iron imps
  8 iguanas
  2 quasits
  5 giant frog skeletons
  12 hounds
  23 orc wizards
  9 centaur skeletons
  10 hell rats
  A spectral orc (D:14)
  6 worker ants
  23 sheep
  Ijyb (D:4)
  An ogre zombie (Orc:4)
  A hound skeleton (D:6)
  Robin (D:4)
  21 adders
  3 gnolls (D:3)
  120 river rats
  8 shadow imps
  A giant mite (D:4)
  3 white imps (Abyss:1)
  12 worms
  8 ufetubi (Abyss:1)
  An adder zombie (D:9)
  3 adder skeletons
  4 giant geckos
  An ooze (D:4)
  209 orcs
  10 bats
  A bat zombie (D:8)
  4 giant cockroaches
  20 goblins
  22 hobgoblins
  10 jackals
  13 quokkas
  A ball python (D:5)
  A ball python zombie (D:5)
  3 giant newts
  A hobgoblin zombie (Orc:4)
  21 kobolds
  16 rats
  4 ballistomycetes
  A bush (Lair:2)
  4 crawling corpses
  10 fungi
  2 macabre masses (Depths:5)
  7 plants
  A starspawn tentacle (Abyss:1)
2992 creatures vanquished.

Vanquished Creatures (others)
  A fire giant (Depths:4)
  A draconian knight (Zot:3)
  A wizard (Vaults:3)
  A redback (Spider:5)
  A yak (D:11)
  A deep elf fighter (Depths:3)
  A swamp worm (Swamp:5)
  3 boggarts (Vaults:1)
  An ogre (Vaults:5)
  2 lost souls (Elf:3)
  An adder (D:11)
  A shadow imp (Zot:5)
  3 giant spores
  A lurking horror (Abyss:1)
  A ballistomycete (D:11)
  1708 eldritch tentacle segments (Depths:5)
  3 fungi (Lair:8)
  A plant (Lair:6)
  6 starspawn tentacles (Abyss:1)
  39 starspawn tentacle segments (Abyss:1)
1777 creatures vanquished.

Grand Total: 4769 creatures vanquished

Notes
Turn   | Place    | Note
--------------------------------------------------------------
     0 | D:1      | Kasaris, the Hill Orc Fighter, began the quest for the Orb.
     0 | D:1      | Reached XP level 1. HP: 19/19 MP: 1/1
   249 | D:1      | Identified a +2 pair of boots of running (You found it on level 1 of the Dungeon)
   526 | D:1      | Reached XP level 2. HP: 25/27 MP: 2/2
   769 | D:2      | Reached XP level 3. HP: 22/33 MP: 3/3
   983 | D:2      | Reached skill level 4 in Fighting
  1097 | D:3      | Reached XP level 4. HP: 33/40 MP: 4/4
  1282 | D:3      | Noticed Tarquin's ghost (average DrNe)
  1390 | D:4      | Reached XP level 5. HP: 47/47 MP: 5/5
  1507 | D:4      | Reached skill level 5 in Maces & Flails
  1574 | D:4      | Noticed Ijyb
  1590 | D:4      | Killed Ijyb
  1690 | D:4      | Noticed Robin
  1719 | D:4      | Killed Robin
  1747 | D:4      | Found a staircase to the Ecumenical Temple.
  1765 | Temple   | Entered the Ecumenical Temple
  1824 | Temple   | Became a worshipper of Warmaster Okawaru
  1859 | D:4      | Reached skill level 5 in Fighting
  1888 | D:4      | Noticed herpmino's ghost (average OgAM)
  1979 | D:4      | Found a snail-covered altar of Cheibriados.
  1990 | D:5      | Entered Level 5 of the Dungeon
  1996 | D:5      | Reached XP level 6. HP: 56/56 MP: 6/6
  2002 | D:5      | Found an opulent altar of Gozag.
  2194 | D:5      | Noticed a centaur
  2199 | D:5      | Killed a centaur
  2199 | D:5      | Acquired Okawaru's first power
  2199 | D:5      | Reached skill level 6 in Maces & Flails
  2346 | D:5      | Reached XP level 7. HP: 62/62 MP: 7/7
  2618 | D:6      | Learned a level 3 spell: Static Discharge
  2653 | D:6      | Reached skill level 7 in Maces & Flails
  3211 | D:6      | Reached skill level 8 in Maces & Flails
  3280 | D:6      | Noticed Sigmund
  3285 | D:6      | Noticed Eustachio
  3288 | D:6      | Killed Sigmund
  3288 | D:6      | Reached XP level 8. HP: 70/73 MP: 8/8
  3314 | D:6      | Killed Eustachio
  3399 | D:7      | Found an ancient bone altar of Kikubaaqudgha.
  3538 | D:7      | Reached skill level 9 in Maces & Flails
  3546 | D:7      | Found a sparkling altar of Nemelex Xobeh.
  3971 | D:7      | Reached skill level 10 in Maces & Flails
  3971 | D:7      | Reached XP level 9. HP: 80/82 MP: 9/9
  4044 | D:8      | Noticed Blork the orc
  4100 | D:8      | Killed Blork the orc
  4336 | D:8      | Reached skill level 11 in Maces & Flails
  4436 | D:8      | Found Thapp's Armour Shop.
  4623 | D:8      | Found a white marble altar of Elyvilon.
  4625 | D:8      | Noticed Prince Ribbit
  4644 | D:8      | Killed Prince Ribbit
  4695 | D:8      | Reached skill level 10 in Fighting
  4696 | D:8      | Noticed Dowan
  4715 | D:8      | Reached skill level 12 in Maces & Flails
  4715 | D:8      | Reached XP level 10. HP: 79/93 MP: 10/10
  4719 | D:8      | Killed Dowan
  4738 | D:8      | Noticed Duvessa
  4747 | D:8      | Killed Duvessa
  4940 | D:9      | Found a staircase to the Lair.
  5263 | D:9      | Acquired Okawaru's second power
  5290 | D:9      | Found a staircase to the Orcish Mines.
  5583 | D:9      | Found a glowing golden altar of the Shining One.
  5737 | D:9      | Reached skill level 13 in Maces & Flails
  6026 | Lair:1   | Entered Level 1 of the Lair of Beasts
  6280 | Lair:1   | Reached skill level 5 in Armour
  6330 | Lair:1   | Gained mutation: You have sharp toenails. [potion of beneficial mutation]
  6332 | Lair:1   | Lost mutation: You have sharp toenails. [potion of cure mutation]
  7162 | Lair:2   | Reached XP level 11. HP: 96/102 MP: 11/11
  7234 | Lair:2   | Noticed a black mamba
  7240 | Lair:2   | Killed a black mamba
  7566 | Lair:3   | Received a gift from Okawaru
  7567 | Lair:3   | Got a slimy scale mail {god gift}
  7584 | Lair:3   | Identified the +4 scale mail of Creativity {MR- MP+9 Slay+2} (Okawaru gifted it to you on level 3 of the Lair of Beasts)
  7631 | Lair:3   | Reached skill level 14 in Maces & Flails
  7752 | Lair:3   | Reached skill level 1 in Axes
  9756 | Lair:5   | Reached XP level 12. HP: 115/115 MP: 12/12
  9884 | Lair:5   | Reached skill level 5 in Axes
  9924 | Lair:5   | Received a gift from Okawaru
 10494 | Lair:5   | Received a gift from Okawaru
 10495 | Lair:5   | Got a pitted demon whip {god gift}
 10496 | Lair:5   | Identified the +9 demon whip of Trayrio {freeze, Contam Int+4 Dex+4} (Okawaru gifted it to you on level 5 of the Lair of Beasts)
 10561 | Lair:6   | Noticed a four-headed hydra
 10754 | Lair:6   | Killed a four-headed hydra
 10813 | Lair:6   | Reached skill level 15 in Fighting
 10946 | Lair:6   | Found a hole to the Spider Nest.
 10996 | Lair:6   | Noticed a death yak
 11001 | Lair:6   | Killed a death yak
 11001 | Lair:6   | Reached skill level 10 in Armour
 11106 | Lair:6   | Reached XP level 13. HP: 127/127 MP: 13/13
 11319 | Lair:6   | Received a gift from Okawaru
 12013 | Lair:7   | Reached skill level 16 in Fighting
 12644 | Lair:7   | Noticed Snorg
 12654 | Lair:7   | Killed Snorg
 12654 | Lair:7   | Received a gift from Okawaru
 12655 | Lair:7   | Got a steaming ring mail {god gift}
 12666 | Lair:7   | Identified the +0 ring mail of the Mutiny {rF+++ Str+6 Dex+3 Stlth-} (Okawaru gifted it to you on level 7 of the Lair of Beasts)
 13683 | D:8      | Bought the +7 chain mail of Fun {rPois} for 709 gold pieces
 13888 | Spider:1 | Entered Level 1 of the Spider Nest
 14425 | Spider:1 | Noticed Aizul
 14438 | Spider:1 | Killed Aizul
 14438 | Spider:1 | Reached XP level 14. HP: 102/138 MP: 14/14
 14482 | Spider:1 | Reached skill level 15 in Maces & Flails
 14519 | Spider:1 | Gained mutation: Your body is slowly deteriorating. [mutagenic glow]
 14600 | Spider:2 | Reached skill level 17 in Fighting
 15061 | Spider:2 | Received a gift from Okawaru
 15357 | Spider:2 | Gained mutation: You occasionally shout uncontrollably at your foes. [mutagenic glow]
 15569 | Spider:2 | Noticed an emperor scorpion
 15584 | Spider:2 | Killed an emperor scorpion
 15619 | Spider:2 | Noticed Frances
 15635 | Spider:2 | Killed Frances
 15888 | Spider:3 | Received a gift from Okawaru
 15889 | Spider:3 | Got a slimy greatsling {god gift}
 16392 | Spider:3 | Reached XP level 15. HP: 92/149 MP: 15/15
 16684 | Spider:4 | Received a gift from Okawaru
 16861 | Spider:4 | Reached skill level 18 in Fighting
 17424 | Spider:4 | Got an ancient chain mail
 17435 | Spider:4 | Identified the cursed -5 chain mail of Pauss {rElec rN+ Str-5 Slay+3} (You found it on level 4 of the Spider Nest)
 17622 | Spider:4 | Noticed Arachne
 17662 | Spider:4 | Killed Arachne
 17999 | Spider:5 | Entered Level 5 of the Spider Nest
 18488 | Spider:4 | Received a gift from Okawaru
 18494 | Spider:4 | Got a bone quarterstaff {god gift}
 18790 | Spider:5 | Received a gift from Okawaru
 18791 | Spider:5 | Reached skill level 19 in Fighting
 18865 | Spider:5 | Got a gossamer rune of Zot
 18894 | Spider:5 | Identified the +8 greatsling of Spores {venom, rPois} (Okawaru gifted it to you on level 3 of the Spider Nest)
 19049 | Spider:5 | Reached XP level 16. HP: 156/160 MP: 16/16
 19405 | Spider:3 | Reached skill level 15 in Armour
 19642 | Lair:2   | Lost mutation: You occasionally shout uncontrollably at your foes. [potion of cure mutation]
 19642 | Lair:2   | Lost mutation: Your body is slowly deteriorating. [potion of cure mutation]
 19967 | D:4      | Killed herpmino's ghost
 20268 | Orc:1    | Entered Level 1 of the Orcish Mines
 20698 | Orc:2    | Noticed Sonja
 20703 | Orc:2    | Killed Sonja
 20768 | Orc:3    | Received a gift from Okawaru
 20816 | Orc:3    | Found Klebif's Gadget Shop.
 20875 | Orc:3    | Found Ghayscha's Antique Weapon Shoppe.
 20991 | Orc:3    | Found a staircase to the Elven Halls.
 21104 | Orc:3    | Found a roughly hewn altar of Beogh.
 21356 | Orc:3    | Found Ucetaote's General Store.
 21397 | Orc:3    | Bought a potion of heal wounds for 65 gold pieces
 21397 | Orc:3    | Bought a meat ration for 65 gold pieces
 21397 | Orc:3    | Bought a potion of cure mutation for 455 gold pieces
 21397 | Orc:3    | Bought a scroll of identify for 26 gold pieces
 22005 | Elf:1    | Entered Level 1 of the Elven Halls
 22024 | Elf:1    | Identified the Collected Works on Floating Confrontation
 22783 | D:10     | Entered Level 10 of the Dungeon
 22972 | D:10     | Found a deep blue altar of Sif Muna.
 23896 | D:11     | Found a portal to a secret trove of treasure.
 23937 | D:11     | You fall through a shaft for 2 floors!
 24605 | D:13     | Found a gate to the Vaults.
 24740 | D:11     | Reached skill level 20 in Fighting
 25387 | Vaults:1 | Entered Level 1 of the Vaults
 25410 | Vaults:1 | Received a gift from Okawaru
 25411 | Vaults:1 | Got a translucent battleaxe {god gift}
 25426 | Vaults:1 | Identified the +7 battleaxe "Mniguj" {chop, rC+} (Okawaru gifted it to you on level 1 of the Vaults)
 26064 | Lair:8   | Entered Level 8 of the Lair of Beasts
 26150 | Lair:8   | Noticed Fannar
 26343 | Lair:8   | Noticed Maud
 26349 | Lair:8   | Killed Maud
 26349 | Lair:8   | Reached XP level 17. HP: 171/171 MP: 17/17
 26441 | Lair:8   | Received a gift from Okawaru
 26463 | Lair:8   | Gained mutation: You tend to lose your temper in combat. [mutagenic glow]
 26526 | Lair:8   | Found a glowing golden altar of the Shining One.
 26998 | Lair:8   | Got a shimmering great mace
 27005 | Lair:8   | Identified the +3 great mace "Omelette" {drain, rC+ Str-5 Dex+7 SInv} (You found it on level 8 of the Lair of Beasts)
 27038 | Lair:8   | Gained mutation: You are clumsy. (Dex -2) [mutagenic glow]
 27121 | Lair:8   | Killed Fannar
 27314 | Lair:8   | Received a gift from Okawaru
 27785 | Lair:7   | Found a staircase to the Slime Pits.
 27800 | Slime:1  | Entered Level 1 of the Pits of Slime
 27802 | Slime:1  | Gained mutation: You are frail (-10% HP). [a shining eye]
 28250 | Lair:4   | Found a staircase to the Swamp.
 28259 | Swamp:1  | Entered Level 1 of the Swamp
 28277 | Swamp:1  | Reached skill level 21 in Fighting
 28434 | Swamp:1  | Found an ancient bone altar of Kikubaaqudgha.
 28435 | Swamp:1  | Noticed Louise
 28452 | Swamp:1  | Killed Louise
 28783 | Swamp:2  | Received a gift from Okawaru
 28799 | Swamp:2  | Noticed Roxanne
 28815 | Swamp:2  | Killed Roxanne
 28820 | Swamp:2  | Identified Roxanne's Catalogue of Ashen Changing (You took it off Roxanne on level 2 of the Swamp)
 29323 | Swamp:3  | Reached skill level 1 in Invocations
 29569 | Swamp:4  | Lost mutation: You are clumsy. (Dex -2) [potion of cure mutation]
 29569 | Swamp:4  | Lost mutation: You are frail (-10% HP). [potion of cure mutation]
 29590 | Swamp:5  | Entered Level 5 of the Swamp
 29622 | Swamp:4  | Reached XP level 18. HP: 112/182 MP: 22/23
 30063 | Swamp:5  | Received a gift from Okawaru
 30159 | Swamp:5  | Noticed a tentacled monstrosity
 30167 | Swamp:5  | Killed a tentacled monstrosity
 30167 | Swamp:5  | Reached skill level 5 in Invocations
 30307 | Swamp:5  | HP: 7/182 [four-headed hydra (7)]
 30311 | Swamp:5  | Received a gift from Okawaru
 30320 | Swamp:5  | HP: 9/182 [poison (poison gas)]
 30613 | Swamp:5  | Reached skill level 22 in Fighting
 31599 | Swamp:5  | Got a decaying rune of Zot
 32710 | Vaults:1 | Noticed a lich
 32721 | Vaults:1 | Killed a lich
 32896 | Vaults:1 | Reached skill level 5 in Shields
 32934 | Vaults:1 | Got a pair of brightly glowing gloves
 32964 | Vaults:1 | Identified the +1 pair of gloves of Free Will {MP-9 Str+9} (You found it on level 1 of the Vaults)
 33747 | Vaults:1 | Noticed a lich
 33794 | Vaults:1 | Reached XP level 19. HP: 39/191 MP: 20/29
 34288 | Vaults:1 | Received a gift from Okawaru
 34289 | Vaults:1 | Got a twisted great mace {god gift}
 34295 | Vaults:1 | Identified the +9 great mace of Calculation {freeze, Int+4} (Okawaru gifted it to you on level 1 of the Vaults)
 34379 | Vaults:1 | Gained mutation: You are frail (-10% HP). [mutagenic glow]
 34546 | Vaults:1 | Reached skill level 23 in Fighting
 34566 | Vaults:1 | Killed a lich
 34608 | Vaults:1 | Received a gift from Okawaru
 34767 | Vaults:1 | Found a white marble altar of Elyvilon.
 34774 | Vaults:1 | Found Kazocaul's Antique Weapon Shop.
 34783 | Vaults:1 | Noticed a sphinx
 34783 | Vaults:1 | Paralysed by a sphinx for 3 turns
 34795 | Vaults:1 | Killed a sphinx
 35921 | Vaults:2 | Noticed Jorgrun
 35934 | Vaults:2 | Killed Jorgrun
 36777 | Vaults:3 | Received a gift from Okawaru
 36796 | Vaults:3 | Got a bloodstained great mace {god gift}
 36808 | Vaults:3 | Identified the +9 great mace "Naariude" {distort, rElec rN+ MR- MP+9 SInv} (Okawaru gifted it to you on level 3 of the Vaults)
 36837 | Vaults:3 | Gained mutation: Your magical capacity is low (-10% MP). [mutagenic glow]
 37009 | Vaults:3 | Paralysed by a great orb of eyes for 5 turns
 37104 | Vaults:3 | Noticed Margery
 37128 | Vaults:3 | Reached XP level 20. HP: 121/183 MP: 18/27
 37156 | Vaults:3 | Killed Margery
 37156 | Vaults:3 | Reached skill level 24 in Fighting
 38157 | Vaults:4 | Received a gift from Okawaru
 38256 | Vaults:4 | Gained mutation: Your muscles are strong. (Str +2) [mutagenic glow]
 38729 | Vaults:4 | Received a gift from Okawaru
 39538 | Lair:2   | Identified a scroll of acquirement
 39566 | Lair:2   | Upgraded the game from 0.16.0-11-gd45b091 to 0.16.0-12-g7215832
 39781 | Orc:4    | Entered Level 4 of the Orcish Mines
 40109 | Orc:4    | Found a roughly hewn altar of Beogh.
 40175 | Orc:4    | Found Creir's Armour Shoppe.
 40175 | Orc:4    | Found Hoggyxt's Assorted Antiques.
 40210 | Orc:4    | Bought a +3 scale mail of magic resistance for 416 gold pieces
 40210 | Orc:4    | Bought a +8 plate armour of ponderousness for 640 gold pieces
 40249 | Orc:4    | Bought a bone wand for 124 gold pieces
 40249 | Orc:4    | Bought a potion of resistance for 310 gold pieces
 40427 | Orc:4    | Reached skill level 10 in Shields
 40547 | Orc:4    | Found Pidd's General Store.
 40565 | Orc:4    | Found Hoth's Assorted Antiques.
 41460 | Elf:2    | Received a gift from Okawaru
 41559 | Elf:2    | Lost mutation: Your muscles are strong. (Str +2) [potion of cure mutation]
 41559 | Elf:2    | Lost mutation: You are frail (-10% HP). [potion of cure mutation]
 41559 | Elf:2    | Lost mutation: Your magical capacity is low (-10% MP). [potion of cure mutation]
 41559 | Elf:2    | Lost mutation: You tend to lose your temper in combat. [potion of cure mutation]
 41574 | Elf:2    | Found a runed gate.
 41574 | Elf:2    | Found a runed gate.
 41574 | Elf:2    | Found a runed gate.
 41691 | Elf:2    | Reached XP level 21. HP: 190/214 MP: 22/31
 42126 | Elf:3    | Entered Level 3 of the Elven Halls
 42165 | Elf:3    | Got a distressingly furry plate armour
 42176 | Elf:3    | Identified the +4 plate armour "Thrakh" {Str+7 Dex+4} (You acquired it on level 3 of the Elven Halls)
 42190 | Elf:3    | Found a shimmering altar of Xom.
 42338 | Elf:3    | Reached skill level 25 in Fighting
 43021 | Elf:3    | Reached skill level 26 in Fighting
 43063 | Elf:3    | Identified Xolopun's Volume of the Rocks
 43169 | Elf:3    | Got a fine marble ring
 43189 | Elf:3    | Got a dazzling glaive
 43210 | Elf:3    | Got a heavily runed plate armour
 43216 | Elf:3    | Identified the +2 plate armour of Midsummer {Dex+6 Stlth-} (You found it on level 3 of the Elven Halls)
 43217 | Elf:3    | Gained mutation: You are clumsy. (Dex -2) [mutagenic glow]
 43276 | Elf:3    | Identified the ring "Alligh" {EV+3 Str+6 Slay+2} (You took it off a deep elf death mage on level 3 of the Elven Halls)
 44096 | Vaults:1 | Gained mutation: Potions and wands are less effective at restoring your health. [mutagenic glow]
 44305 | Vaults:1 | Received a gift from Okawaru
 44306 | Vaults:1 | Got a fine morningstar {god gift}
 44307 | Vaults:1 | Identified the +0 morningstar of Cobwebs {drain, +Fly rPois MR+} (Okawaru gifted it to you on level 1 of the Vaults)
 44676 | Vaults:3 | Identified the Guide on Torrid Battle Magic (You found it on level 3 of the Vaults)
 44823 | Vaults:3 | Found a staircase to the Crypt.
 44823 | Vaults:3 | Found a basalt altar of Yredelemnul.
 44824 | Vaults:3 | Found an ancient bone altar of Kikubaaqudgha.
 44926 | Vaults:3 | Found Triokad's Food Shop.
 45240 | Vaults:5 | Entered Level 5 of the Vaults
 45421 | Vaults:4 | Reached XP level 22. HP: 218/230 MP: 22/31
 45496 | Vaults:4 | Reached skill level 27 in Fighting
 45504 | Vaults:4 | Received a gift from Okawaru
 45507 | Vaults:4 | Got a fine helmet {god gift}
 45518 | Vaults:4 | Identified the +1 helmet of Blue Skies {rC+} (Okawaru gifted it to you on level 4 of the Vaults)
 46512 | Vaults:5 | Noticed a golden dragon
 46586 | Vaults:5 | Killed a golden dragon
 46589 | Vaults:5 | Got a steaming great mace
 46624 | Vaults:5 | Received a gift from Okawaru
 47011 | Vaults:5 | Got a scorched steel amulet
 47013 | Vaults:5 | Identified the amulet "Boahis" {Faith rPois rC+ Slay+4} (You took it off a yaktaur captain on level 5 of the Vaults)
 47297 | Vaults:5 | Received a gift from Okawaru
 47416 | Vaults:5 | Received a gift from Okawaru
 47431 | Vaults:5 | Received a gift from Okawaru
 47432 | Vaults:5 | Got a brightly glowing morningstar {god gift}
 47539 | Vaults:5 | Reached XP level 23. HP: 195/238 MP: 23/32
 47571 | Vaults:5 | Noticed a golden dragon
 47575 | Vaults:5 | Killed a golden dragon
 47576 | Vaults:5 | Noticed an ancient lich
 47588 | Vaults:5 | Received a gift from Okawaru
 47595 | Vaults:5 | Killed an ancient lich
 47615 | Vaults:5 | Identified the +9 morningstar "Ajoar" {pain, -Cast -Tele MR++ Dex+5} (Okawaru gifted it to you on level 5 of the Vaults)
 47621 | Vaults:5 | Got an encrusted mace {god gift}
 47621 | Vaults:5 | Gained mutation: You tend to lose your temper in combat. [mutagenic glow]
 47622 | Vaults:5 | Identified the +3 mace "Fiumuo" {crush, rC+ Str+3 Dex+2} (Okawaru gifted it to you on level 5 of the Vaults)
 47952 | Vaults:5 | Got a silver rune of Zot
 47978 | Vaults:5 | Noticed a golden dragon
 47986 | Vaults:5 | Killed a golden dragon
 50520 | D:14     | Noticed Josephine
 50522 | D:14     | Killed Josephine
 50527 | D:14     | Received a gift from Okawaru
 50589 | D:14     | Noticed Nergalle
 50596 | D:14     | Killed Nergalle
 51004 | D:15     | Entered Level 15 of the Dungeon
 51147 | D:15     | Noticed Azrael
 51153 | D:15     | Killed Azrael
 51245 | D:15     | Found a staircase to the Depths.
 51509 | D:15     | Received a gift from Okawaru
 51513 | D:15     | Got a jewelled cloak {god gift}
 51525 | D:15     | Identified the +1 cloak of Izxa Cla {Int+4} (Okawaru gifted it to you on level 15 of the Dungeon)
 51713 | D:15     | Found a deep blue altar of Sif Muna.
 51786 | Depths:1 | Entered Level 1 of the Depths
 51788 | Depths:1 | Found a gateway to Hell.
 51974 | Depths:1 | Found a one-way gate leading to the halls of Pandemonium.
 52106 | Depths:1 | Reached XP level 24. HP: 239/247 MP: 23/32
 52207 | Depths:1 | Cast into the Abyss (a lich)
 52489 | Abyss:1  | Paralysed by accursed screaming for 1 turns
 52811 | Abyss:1  | Gained mutation: You are very clumsy. (Dex -4) [a neqoxec]
 52855 | Abyss:1  | Reached skill level 15 in Shields
 53018 | Abyss:1  | Got a pair of crude gloves
 53029 | Abyss:1  | Identified the +1 pair of gloves "Egyown" {rElec rF- MR+ SInv} (You acquired it on level 1 of the Abyss)
 53415 | Abyss:1  | Found a corrupted altar of Lugonu.
 53582 | Abyss:1  | Found a shattered altar of Ashenzari.
 53954 | Depths:1 | Escaped the Abyss
 54130 | Depths:1 | Received a gift from Okawaru
 54429 | Depths:2 | Noticed Ladykiller69's ghost (great FoFi)
 54452 | Depths:2 | Killed Ladykiller69's ghost
 54535 | Depths:2 | Found a shattered altar of Ashenzari.
 54874 | Depths:2 | Got a coiled copper ring
 54876 | Depths:2 | Identified the ring "Eraug" {rC++ Str+3 Int-2 Slay+2} (You found it on level 2 of the Depths)
 55178 | Depths:3 | Received a gift from Okawaru
 55616 | Depths:3 | Reached XP level 25. HP: 255/255 MP: 24/33
 55896 | Depths:4 | Found a gateway to a ziggurat.
 56070 | Depths:4 | Received a gift from Okawaru
 56115 | Depths:4 | HP: 10/255 [spriggan defender/flail of crushing (10)]
 56713 | Depths:4 | Paralysed by a sphinx for 7 turns
 56930 | Depths:4 | Received a gift from Okawaru
 57394 | Depths:4 | Found a one-way gate to the infinite horrors of the Abyss.
 57442 | Depths:4 | Got a slimy helmet {god gift}
 57453 | Depths:4 | Identified the -1 helmet of Duty {rPois} (Okawaru gifted it to you on level 4 of the Depths)
 57580 | Depths:5 | Entered Level 5 of the Depths
 57634 | Depths:5 | Identified Roxanne's Disquisition on the Rocks and Moulding
 57757 | Depths:5 | Reached XP level 26. HP: 212/264 MP: 24/33
 58004 | Depths:5 | Received a gift from Okawaru
 58123 | Depths:5 | Found a gate to the Realm of Zot.
 58508 | Depths:5 | Received a gift from Okawaru
 58809 | Depths:5 | Gained mutation: You are weak. (Str -2) [mutagenic glow]
 59156 | Zot:1    | Entered Level 1 of the Realm of Zot
 60010 | Zot:1    | Received a gift from Okawaru
 60574 | Zot:1    | Noticed an orb of fire
 60589 | Zot:1    | Killed an orb of fire
 60589 | Zot:1    | Reached XP level 27. HP: 251/269 MP: 25/34
 60622 | Zot:1    | Received a gift from Okawaru
 61547 | Zot:2    | Reached skill level 27 in Armour
 62349 | Zot:3    | Received a gift from Okawaru
 62975 | Zot:3    | Noticed an orb of fire
 62986 | Zot:3    | Killed an orb of fire
 63369 | Zot:4    | Received a gift from Okawaru
 65951 | Lair:2   | Upgraded the game from 0.16.0-12-g7215832 to 0.16.0-16-g311141a
 66785 | Zot:5    | Entered Level 5 of the Realm of Zot
 67239 | Zot:5    | Lost mutation: You are weak. (Str -2) [potion of cure mutation]
 67239 | Zot:5    | Lost mutation: You are very clumsy. (Dex -4) [potion of cure mutation]
 67239 | Zot:5    | Lost mutation: You are clumsy. (Dex -2) [potion of cure mutation]
 67244 | Zot:5    | Lost mutation: You tend to lose your temper in combat. [potion of cure mutation]
 67244 | Zot:5    | Lost mutation: Potions and wands are less effective at restoring your health. [potion of cure mutation]
 67350 | Zot:5    | Received a gift from Okawaru
 67390 | Zot:5    | Gained mutation: Your body is slowly deteriorating. [mutagenic glow]
 67466 | Zot:5    | Noticed an orb of fire
 67506 | Zot:5    | Killed an orb of fire
 67821 | Zot:5    | Noticed an ancient lich
 67834 | Zot:5    | Killed an ancient lich
 67928 | Zot:5    | Noticed an orb of fire
 67948 | Zot:5    | Killed an orb of fire
 67968 | Zot:5    | Noticed an ancient lich
 68003 | Zot:5    | Killed an ancient lich
 68028 | Zot:5    | Noticed an ancient lich
 68053 | Zot:5    | Killed an ancient lich
 68053 | Zot:5    | Received a gift from Okawaru
 68054 | Zot:5    | Got a bloodstained plate armour {god gift}
 68066 | Zot:5    | Identified the +8 plate armour "Straocou" {rPois rC++ Regen+ Str-5 Int-4} (Okawaru gifted it to you on level 5 of the Realm of Zot)
 68085 | Zot:5    | Noticed an ancient lich
 68168 | Zot:5    | Noticed an ancient lich
 68202 | Zot:5    | Killed an ancient lich
 68227 | Zot:5    | Killed an ancient lich
 68244 | Zot:5    | Noticed an ancient lich
 68695 | Zot:5    | Killed an ancient lich
 68715 | Zot:5    | Gained mutation: Your spells are a little easier to cast, but a little less powerful. [mutagenic glow]
 68860 | Zot:5    | Noticed an ancient lich
 68867 | Zot:5    | Killed an ancient lich
 69128 | Zot:5    | Got the Orb of Zot
 69337 | Zot:4    | Noticed a seraph
 69427 | Zot:2    | Noticed Fryshit the pandemonium lord
 69441 | Zot:1    | Killed Fryshit the pandemonium lord
 70069 | D:$      | Escaped with the Orb!

Action                   |  1- 3 |  4- 6 |  7- 9 | 10-12 | 13-15 | 16-18 | 19-21 | 22-24 | 25-27 || total
-------------------------+-------+-------+-------+-------+-------+-------+-------+-------+-------++-------
Melee: Whip              |    93 |   136 |   265 |   346 |       |       |       |       |       ||   840
       Flail             |     8 |       |       |       |       |       |       |       |       ||     8
       Battleaxe         |       |       |       |   184 |       |    12 |       |       |       ||   196
       Hand axe          |       |       |       |    83 |       |       |       |       |       ||    83
       Demon whip        |       |       |       |    63 |   793 |  1506 |  1405 |  1311 |  1578 ||  6656
       Eveningstar       |       |       |       |       |       |       |       |       |    91 ||    91
Throw: Stone             |     4 |       |       |       |       |       |       |       |       ||     4
       Tomahawk          |       |    13 |     5 |    27 |     7 |     2 |       |       |       ||    54
Invok: Heroism           |       |       |       |       |     3 |     1 |       |     1 |     1 ||     6
Evoke: Wand              |       |       |     2 |       |     4 |       |       |       |     6 ||    12
  Use: Scroll            |     1 |     4 |     4 |     9 |    10 |     2 |     5 |     3 |    21 ||    59
       Potion            |       |     2 |       |     9 |     9 |    14 |     1 |     1 |    10 ||    46
 Stab: Invisible         |       |     2 |       |       |       |     7 |       |       |       ||     9
       Distracted        |       |       |       |       |       |     1 |     1 |       |       ||     2
       Confused          |       |       |       |       |       |     1 |       |       |       ||     1
  Eat: Chunk             |       |     5 |     5 |    15 |    23 |    19 |    27 |    22 |    19 ||   135
       Beef jerky        |       |       |     1 |       |     1 |       |       |       |       ||     2
       Meat ration       |       |       |       |     1 |       |       |       |       |       ||     1
       Fruit             |       |       |       |       |       |    14 |    15 |    14 |    11 ||    54
       Bread ration      |       |       |       |       |       |     3 |       |       |     2 ||     5
       Pizza             |       |       |       |       |       |     2 |       |       |     7 ||     9
